 Dungeon Crawl Stone Soup version 0.29-a0-350-g7790a0e70a (webtiles) character file.

Game seed: 3082281470467838774

371 zeratav the Ruffian (level 6, -3/56 HPs)
             Began as a Naga Fighter on Apr 22, 2022.
             Slain by Blork the orc
             ... wielding a +4 flail
              (7 damage)
             ... on level 3 of the Dungeon.
             The game lasted 00:06:15 (3332 turns).

zeratav the Ruffian (Naga Fighter)                  Turns: 3332, Time: 00:06:16

Health: -3/56      AC: 11    Str: 21    XL:     6   Next: 71%
Magic:  6/6        EV:  7    Int:  8    God:
Gold:   156        SH:  4    Dex: 10    Spells: 5/5 levels left

rFire   x . .      SeeInvis +   l - +1 spear (pain) {polearm}
rCold   . . .      Faith    .   b - +0 buckler
rNeg    . . .      Spirit   .   a - +0 scale mail
rPois   +          Reflect  .   (no helmet)
rElec   .          Harm     +   t - +1 cloak "Mukeattuubb" {Harm rF- Regen+}
rCorr   .          Rampage  .   (no gloves)
Will    .....                   (no barding)
Stlth   ..........              (no amulet)
HPRegen 0.98/turn               g - +4 ring of protection
MPRegen 0.10/turn               (no ring)

@: mighty, slowed, very slow
A: AC +2, large, see invisible, deformed body, poison resistance, slowness 2,
spit poison 1, naga tail 1
a: Spit Poison


You were on level 3 of the Dungeon.
You visited 1 branch of the dungeon, and saw 4 of its levels.

You collected 156 gold pieces.


Innate Abilities, Weirdness & Mutations

Your serpentine skin is tough. (AC +2)
You have supernaturally acute eyesight. (SInv)
Armour fits poorly on your strangely shaped body.
Your system is resistant to poisons. (rPois)
You cover ground very slowly.
You can spit poison.
You have a snake-like lower body.


   Skills:
 - Level 3.0 Fighting
 - Level 2.4 Armour
 - Level 2.4 Shields
 + Level 6.9 Unarmed Combat


You had 5 spell levels left.
You didn't know any spells.
Your spell library was empty.

Inventory:

Hand Weapons
 l - a +1 spear of pain (weapon) {polearm}
   (You found it on level 1 of the Dungeon)
Armour
 a - a +0 scale mail (worn)
 b - a +0 buckler (worn)
 d - a +0 robe
   (You took it off Jessica on level 3 of the Dungeon)
 m - a +0 pair of gloves
   (You found it on level 3 of the Dungeon)
 o - the +2 leather armour of Mear {rPois Will- Str+5}
   (You found it on level 3 of the Dungeon)

   Str:       It affects your strength (+5).
   rPois:     It protects you from poison.
   Will:      It decreases your willpower.
 t - the +1 cloak "Mukeattuubb" (worn) {Harm rF- Regen+}
   (You found it on level 2 of the Dungeon)

   rF:        It makes you vulnerable to fire.
   Regen:     It increases your rate of health regeneration.
   Harm:      It increases damage dealt and taken.
Jewellery
 g - a +4 ring of protection (left hand)
   (You found it on level 1 of the Dungeon)
Scrolls
 e - a scroll of teleportation {unknown}
 f - 3 scrolls of identify {unknown}
 h - 2 scrolls of magic mapping {unknown}
 j - 3 scrolls of fog {unknown}
 n - 3 scrolls of vulnerability {unknown}
 p - a scroll of noise {unknown}
 w - a scroll of torment {unknown}
Potions
 c - a potion of might
 i - a potion of flight {unknown}
 k - a potion of lignification {unknown}
 r - 2 potions of curing {unknown}
 s - a potion of magic {unknown}
 v - a potion of attraction {unknown}

Dungeon Overview and Level Annotations

Branches:
Dungeon (4/15)
 Temple: D:4-7

Altars:
Okawaru
Yredelemnul

Annotations:
D:3 Blork the orc

#.......#≈§§§_.≈.≈#.##
#.......#≈.§...≈.§#.#
#.......#≈..≈≈§.§§#.#
........#.≈≈≈≈≈≈§§#.#
........#.........#.#
#........#########.#####
...#.....#.............#
#.....#..........(.....#
≈.≈.≈≈...≈≈≈≈≈.†@......#
≈≈≈.≈≈≈≈≈.≈≈≈≈≈.o......#
♣♣≈≈≈♣♣♣≈.≈♣♣♣≈≈.......# ♣≈.≈♣
♣≈≈≈♣ ♣≈........#
♣♣≈.≈♣♣♣≈≈≈♣♣♣≈...()...###
≈≈≈.≈≈≈≈≈.≈≈≈≈≈≈........<##
≈≈..≈..≈≈≈.≈≈≈.≈..........##
≈≈≈≈≈≈≈≈≈.≈≈≈≈≈............####
♣♣≈≈≈♣♣♣≈≈≈♣♣♣≈.....#.###...>.#


You could see Blork the orc (fast).


Message History

There is a stone staircase leading down here.
HP[-4]
You take 4 damage, and now have 41/56 hp.
You puncture Natasha!
Natasha wildly gestures.
Natasha glows brightly for a moment.
Natasha casts a spell at you.
The magic dart hits you but does no damage.
Blork the orc points at you and mumbles some strange words.
The puff of frost hits you!
HP[-7]
You take 7 damage, and now have 34/56 hp.
You barely miss Natasha. Blork the orc casts a spell at you.
The puff of frost misses you. Natasha claws you but does no damage.
Blork the orc hits you with a +4 flail!
* * * LOW HITPOINT WARNING * * *
Natasha claws you.
* * * LOW HITPOINT WARNING * * *
HP[-8]
You take 8 damage, and now have 26/56 hp.
You hit Natasha. Blork the orc hits you with a +4 flail.
* * * LOW HITPOINT WARNING * * *
Natasha claws you.
* * * LOW HITPOINT WARNING * * *
Blork the orc hits you with a +4 flail.
* * * LOW HITPOINT WARNING * * *
HP[-15]
You take 15 damage, and now have 11/56 hp.
MASSIVE DAMAGE!! (PAUSE)
You barely miss Natasha.
Blork the orc gestures at you while chanting.
The magic dart hits you!
* * * LOW HITPOINT WARNING * * *
Natasha barely misses you.
HP[-8]
You take 8 damage, and now have 3/56 hp.
You hit Natasha. You block Blork the orc's attack. Natasha barely misses you.
Blork the orc hits you with a +4 flail.
* * * LOW HITPOINT WARNING * * *
HP[-1]
You take 1 damage, and now have 2/56 hp.
It was a potion of heal wounds.
You feel much better. Blork the orc hits you with a +4 flail!
* * * LOW HITPOINT WARNING * * *
Natasha casts a spell at you.
You feel yourself slow down.
HP[+9]
You regained 9 hp, and now have 11/56 hp.
You feel much better.
Blork the orc casts a cantrip, but nothing happens.
Blork the orc gestures at you while chanting.
The puff of flame hits you but does no damage.
Natasha claws you.
Blork the orc screams, "I don't like you!"
Blork the orc hits you with a +4 flail.
HP[+19]
You regained 19 hp, and now have 30/56 hp.
You feel very mighty all of a sudden. Blork the orc hits you with a +4 flail!
* * * LOW HITPOINT WARNING * * *
Natasha claws you!
* * * LOW HITPOINT WARNING * * *
Blork the orc hits you with a +4 flail!
* * * LOW HITPOINT WARNING * * *
You block Natasha's attack.
HP[-28]
You take 28 damage, and now have 2/56 hp.
MASSIVE DAMAGE!! (PAUSE)
You feel much better.
Blork the orc gestures at you while chanting.
The puff of frost hits you but does no damage.
Natasha closely misses you. Blork the orc hits you with a +4 flail.
HP[+33]
You regained 33 hp, and now have 35/56 hp.
You puncture Natasha!
You kill Natasha!
Natasha yowls pathetically as she dies!
Blork the orc hits you with a +4 flail!
* * * LOW HITPOINT WARNING * * *
Blork the orc hits you with a +4 flail!
* * * LOW HITPOINT WARNING * * *
Blork the orc hits you with a +4 flail!
* * * LOW HITPOINT WARNING * * *
HP[-31]
You take 31 damage, and now have 4/56 hp.
MASSIVE DAMAGE!! (PAUSE)
You closely miss Blork the orc. Blork the orc hits you with a +4 flail.
* * * LOW HITPOINT WARNING * * *
Blork the orc hits you but does no damage.
HP[-1]
You take 1 damage, and now have 3/56 hp.
You puncture Blork the orc! Blork the orc hits you with a +4 flail.
* * * LOW HITPOINT WARNING * * *
Blork the orc looks angry.
Blork the orc barely misses you. x2
HP[-1]
You take 1 damage, and now have 2/56 hp.
You hit Blork the orc. Blork the orc hits you with a +4 flail.
You die...

Skill      XL: |  1  2  3  4  5 |
---------------+----------------+-----
Unarmed Combat | 3 4 5 6 |  6.9
Fighting       | |  3.0
Armour         | |  2.4
Shields        | |  2.4

Action                   |  1- 3 |  4- 6 || total
-------------------------+-------+-------++-------
Melee: Spear             |   111 |   156 ||   267
       Unarmed           |     3 |       ||     3
  Use: Potion            |       |     4 ||     4
Armor: Scale mail        |    65 |    68 ||   133
Dodge: Dodged            |    48 |    51 ||    99
Block: Buckler           |    21 |    37 ||    58

Levels and vault maps discovered:
D:1:      lemuel_arrival_behind_the_door_small, layout_loops_ring,
          dreamdust_ecumenical_altar_angels_and_demons
D:2:      minmay_angry_zag, layout_basic, uniq_sigmund
D:3:      layout_rooms, mainiacjoe_overflow_paths, lemuel_round_altar,
          chequers_mini_garden, kennysheep_boxes, uniq_jessica
D:4:      layout_cave_pools, minmay_temple_entry_glassed_door, uniq_natasha,
          uniq_blork_the_orc

Notes
Turn   | Place    | Note
-------+----------+-------------------------------------------
     0 | D:1      | zeratav the Naga Fighter began the quest for the Orb.
     0 | D:1      | Reached XP level 1. HP: 21/21 MP: 1/1
     0 | D:1      | magus.rc [v1.9.6]
   130 | D:1      | Found a faded altar of an unknown god.
   742 | D:2      | Reached XP level 2. HP: 26/28 MP: 2/2
   926 | D:2      | Reached skill level 3 in Unarmed Combat
  1007 | D:2      | Reached XP level 3. HP: 34/34 MP: 3/3
  1354 | D:2      | Identified the +1 cloak "Mukeattuubb" {Harm rF- Regen+}
  1427 | D:2      | Reached skill level 4 in Unarmed Combat
  1433 | D:2      | Noticed Sigmund
  1452 | D:3      | Reached XP level 4. HP: 32/42 MP: 4/4
  1618 | D:3      | HP: 6/42 [iguana (8)]
  1620 | D:3      | HP: 2/42 [iguana (4)]
  1930 | D:2      | Reached skill level 5 in Unarmed Combat
  2030 | D:2      | Reached XP level 5. HP: 49/49 MP: 5/5
  2336 | D:2      | Killed Sigmund
  2337 | D:2      | Reached skill level 6 in Unarmed Combat
  2337 | D:2      | Reached XP level 6. HP: 50/56 MP: 6/6
  2789 | D:3      | Noticed Jessica
  2796 | D:3      | Killed Jessica
  2871 | D:3      | Identified the +2 leather armour of Mear {rPois Will-
                  | Str+5}
  2884 | D:3      | Found an iron altar of Okawaru.
  2985 | D:3      | Found a basalt altar of Yredelemnul.
  3074 | D:4      | Noticed Natasha
  3076 | D:4      | Noticed Blork the orc
  3322 | D:3      | HP: 11/56 [Blork the orc/+4 flail (6)]
  3323 | D:3      | HP: 3/56 [Blork the orc/magic dart (9)]
  3329 | D:3      | Killed Natasha
  3329 | D:3      | HP: 14/56 [Blork the orc/+4 flail (9)]
  3329 | D:3      | HP: 4/56 [Blork the orc/+4 flail (10)]
  3332 | D:3      | Slain by Blork the orc

Vanquished Creatures
  Sigmund (D:2)
  2 iguanas (D:3)
  Jessica (D:3)
  Natasha (D:3)
  5 adders
  3 worms (D:2)
  5 endoplasms
  4 giant cockroaches
  5 goblins
  6 hobgoblins
  3 jackals (D:2)
  2 quokkas
  2 ball pythons
  7 bats
  4 frilled lizards
  7 kobolds
  2 rats (D:2)
60 creatures vanquished.

Table legend:
 A = Non-vault XP
 B = Vault XP
 C = Vault XP percentage of total XP
 D = Non-vault monster count
 E = Vault monster count
 F = Vault count percentage of total count
                 A         B        C        D         E       F
            +---------+---------+-------+---------+---------+-------
      Total |     209 |     322 |  60.6 |      51 |       9 |  15.0
            +---------+---------+-------+---------+---------+-------
        D:1 |       8 |       0 |   0.0 |       5 |       0 |   0.0
        D:2 |      75 |     249 |  76.9 |      26 |       7 |  21.2
        D:3 |     124 |      73 |  37.1 |      19 |       2 |   9.5
        D:4 |       2 |       0 |   0.0 |       1 |       0 |   0.0
            +---------+---------+-------+---------+---------+-------

Illustrated notes

Table legend:
 A = Kills in this place as a percentage of kills in entire the game.
 B = Kills by you in this place as a percentage of kills by you in the entire game.
 C = Kills by friends in this place as a percentage of kills by friends in the entire game.
 D = Other kills in this place as a percentage of other kills in the entire game.
 E = Experience gained in this place as a percentage of experience gained in the entire game.
 F = Experience gained in this place divided by the number of levels of this place that you have seen.
                   A       B       C       D       E      F
               +-------+-------+-------+-------+-------+----------------------
         Total | 100.0 | 100.0 |   N/A |   N/A | 100.0 | 132.8
       Dungeon | 100.0 | 100.0 |   N/A |   N/A | 100.0 | 132.8
               +-------+-------+-------+-------+-------+----------------------

Table legend: (Time is in decaauts)
 A = Elapsed time spent in this place.
 B = Non-inter-level travel time spent in this place.
 C = Inter-level travel time spent in this place.
 D = Time resting spent in this place.
 E = Time spent auto-exploring this place.
 F = Levels seen in this place.
 G = Mean time per level.
                   A        B        C        D        E       F      G
               +--------+--------+--------+--------+--------+-----+--------+
         Total |   4200 |   4096 |    104 |    774 |   2566 |   4 | 1050.0 |
       Dungeon |   4200 |   4096 |    104 |    774 |   2566 |   4 | 1050.0 |
               +--------+--------+--------+--------+--------+-----+--------+

Top non-repeatable levels by time:
     D:2: 1999 daAuts
     D:3: 1205 daAuts
     D:1: 971 daAuts
     D:4: 23 daAuts
